 Dungeon Crawl Stone Soup version 0.20-a0-871-g785f14b (webtiles) character file.

395 qpzil the Cudgeler (level 6, 0/44 HPs)
             Began as a Demonspawn Gladiator on Mar 14, 2017.
             Slain by a centaur (5 damage)
             ... on level 5 of the Dungeon.
             The game lasted 00:07:46 (3944 turns).

qpzil the Cudgeler (Demonspawn Gladiator)           Turns: 3944, Time: 00:07:46

Health: 0/44       AC:  5    Str: 16    XL:     6   Next: 52%
Magic:  6/6        EV: 15    Int: 10    God:
Gold:   120        SH:  0    Dex: 14    Spells: 5/5 levels left

rFire    . . .     SeeInvis .   a - +1 flail
rCold    . . .     Gourm    .   b - +0 leather armour
rNeg     . . .     Faith    .   (no shield)
rPois    .         Spirit   .   c - +0 helmet
rElec    .         Reflect  .   (no cloak)
rCorr    .         Harm     .   s - +0 pair of gloves
MR       .....                  (no boots)
Stlth    +.........             (no amulet)
Regen    0.2/turn               (no ring)
MPRegen  0.1/turn               (no ring)

@: no status effects
A: repulsion field 2
a: no special abilities


You were on level 5 of the Dungeon.
You were not hungry.

You visited 2 branches of the dungeon, and saw 6 of its levels.

You collected 120 gold pieces.

Inventory:

Hand Weapons
 a - a +1 flail (weapon)
Missiles
 d - 3 throwing nets (quivered)
Armour
 b - a +0 leather armour (worn)
 c - a +0 helmet (worn)
 s - a +0 pair of gloves (worn)
 y - a +0 ring mail
Jewellery
 q - an uncursed ring of wizardry {unknown}
 w - an uncursed ring of protection from fire {unknown}
 A - an uncursed ring of resist corrosion {unknown}
Wands
 t - a wand of confusion (32/48)
Scrolls
 e - 2 scrolls of recharging
 g - a scroll of enchant weapon
 h - 2 scrolls of blinking {unknown}
 i - 2 scrolls of remove curse
 j - a scroll of random uselessness {unknown}
 m - a scroll of identify
 u - a scroll of amnesia {unknown}
 B - a scroll of teleportation {unknown}
Potions
 k - a potion of heal wounds {unknown}
 n - 3 potions of curing
 o - a potion of ambrosia {unknown}
 r - a potion of degeneration {unknown}
 v - 2 potions of haste
 x - a potion of lignification
Comestibles
 f - 2 bread rations
 l - 2 meat rations
 p - a royal jelly


   Skills:
 - Level 2.0 Fighting
 + Level 6.8 Maces & Flails
 - Level 1.7 Throwing
 - Level 2.6 Dodging


You had 5 spell levels left.
You didn't know any spells.

Dungeon Overview and Level Annotations

Branches:
Dungeon (5/15)             Temple (1/1) D:4

Altars:
Ashenzari
Cheibriados
Dithmenos
Fedhas
Gozag
Hepliaklqana
Makhleb
Nemelex Xobeh
Okawaru
Qazlal
Ru
Sif Muna
Trog
Uskayaw
Vehumet
Wu Jian
Xom
Yredelemnul

Shops:
D:4 (   D:5 (

Annotations:
D:5 Eustachio, Grinder


Innate Abilities, Weirdness & Mutations

You are surrounded by a moderate repulsion field. (EV +3)


Message History

There is an open door here.
A centaur and Eustachio come into view.
Eustachio shouts!
The centaur shouts!
The centaur wields a shortbow.
The centaur shoots an arrow.
The arrow hits you.
You see here an arrow.
Eustachio drinks a potion.
Eustachio seems to speed up.
The centaur shoots an arrow.
The arrow hits you!
The centaur shoots an arrow.
The arrow misses you.
You see here 2 arrows.
The centaur shoots an arrow.
The arrow barely misses you.
The centaur unwields an uncursed shortbow.
The centaur hits you!
* * * LOW HITPOINT WARNING * * *
Eustachio casts a spell.
Eustachio blinks!
You barely miss the centaur. The centaur hits you!
* * * LOW HITPOINT WARNING * * *
The centaur misses you.
You closely miss the centaur. The centaur hits you.
You die...

#..............
#..............
#..............
+..............
#..............
#..............
#.............. #....##c#
##########....##@###
#.............#....#
#.............#(...#
..............#....#
∩.......##....##...#
#.......##....##...#
#.......##.........#######
##########....##'####....#
#.....##...##....#


You could see a centaur.

Vanquished Creatures
  An ogre (D:4)
  An orc wizard (D:3)
  A centaur zombie (D:5)
  A centaur skeleton (D:4)
  A worker ant (D:4)
  8 adders
  3 gnolls (D:3)
  2 oozes
  An adder skeleton (D:4)
  A worm (D:3)
  2 dart slugs
  2 leopard geckos
  8 orcs
  2 giant cockroaches
  4 goblins
  11 hobgoblins
  4 kobolds
  A quokka (D:3)
  10 bats
  6 frilled lizards
  A leopard gecko skeleton (D:4)
  9 rats
80 creatures vanquished.

Notes
Turn   | Place    | Note
-------+----------+-------------------------------------------
     0 | D:1      | qpzil the Demonspawn Gladiator began the quest for the Orb.
     0 | D:1      | Reached XP level 1. HP: 16/16 MP: 1/1
    89 | D:1      | Reached skill level 3 in Maces & Flails
   127 | D:1      | Gained mutation: You are surrounded by a mild repulsion field. (EV +2) [demonic ancestry]
   127 | D:1      | Reached XP level 2. HP: 22/22 MP: 2/2
   270 | D:1      | Gained mutation: You are surrounded by a moderate repulsion field. (EV +3) [demonic ancestry]
   270 | D:1      | Reached XP level 3. HP: 16/27 MP: 3/3
   504 | D:1      | Reached skill level 4 in Maces & Flails
   903 | D:2      | Found an opulent altar of Gozag.
   961 | D:2      | Found a sparkling altar of Nemelex Xobeh.
   964 | D:2      | Found a shimmering altar of Xom.
   964 | D:2      | Found a snail-covered altar of Cheibriados.
   970 | D:2      | Reached XP level 4. HP: 8/33 MP: 4/4
  1161 | D:2      | Found a shadowy altar of Dithmenos.
  1161 | D:2      | Found a shattered altar of Ashenzari.
  2100 | D:3      | Found a deep blue altar of Sif Muna.
  2100 | D:3      | Found a burning altar of Makhleb.
  2170 | D:3      | Reached skill level 5 in Maces & Flails
  2443 | D:3      | Reached XP level 5. HP: 36/38 MP: 5/5
  2797 | D:4      | Reached skill level 6 in Maces & Flails
  2807 | D:4      | Noticed an ogre
  2817 | D:4      | Killed an ogre
  2817 | D:4      | Reached XP level 6. HP: 35/44 MP: 6/6
  2825 | D:4      | Found a staircase to the Ecumenical Temple.
  2833 | Temple   | Entered the Ecumenical Temple
  3219 | D:4      | Found Ycearut's Antique Weapon Boutique.
  3519 | D:5      | Entered Level 5 of the Dungeon
  3519 | D:5      | Found a shattered altar of Ashenzari.
  3519 | D:5      | Noticed Grinder
  3882 | D:5      | Found Rutsy's Antique Weapon Emporium.
  3934 | D:5      | Noticed Eustachio
  3944 | D:5      | Slain by a centaur

Vault maps used:
D:1:      noname_arrival_rooms_in_the_neighbourhood
D:2:      grunt_temple_overflow_open
D:3:      gammafunk_temple_overflow_pools, minmay_misc_feat_enclosed
D:4:      minmay_temple_entry_overgrown, serial_shops, shop, first_bread
D:5:      serial_shops, shop, basic_altar, uniq_eustachio, uniq_sigmund,
          uniq_menkaure, uniq_grinder
Temple:   jpeg_temple_alley_garden

Skill      XL: |  1  2  3  4  5 |
---------------+----------------+-----
Maces & Flails | 3 4 5 6 |  6.8
Fighting       | |  2.0
Throwing       | |  1.7
Dodging        | |  2.6

Action                   |  1- 3 |  4- 6 || total
-------------------------+-------+-------++-------
Melee: Flail             |   129 |   155 ||   284
  Use: Scroll            |     4 |       ||     4
       Potion            |       |     2 ||     2
 Stab: Sleeping          |     2 |       ||     2
  Eat: Chunk             |       |     8 ||     8
       Fruit             |       |     2 ||     2
Armor: Leather armour    |    46 |    23 ||    69
Dodge: Dodged            |   150 |   112 ||   262
